 Dungeon Crawl Stone Soup version 0.15.1-1-gfacfea3 (webtiles) character file.

115 CrazyArbalest the Sneak (level 4, -1/21 HPs)
             Began as a Spriggan Enchanter on Sept 21, 2014.
             Was an Initiate of Dithmenos.
             Slain by a worm (9 damage)
             ... on Level 3 of the Dungeon.
             The game lasted 00:08:41 (2368 turns).

CrazyArbalest the Sneak (Spriggan Enchanter)        Turns: 2368, Time: 00:08:41

HP  -1/21        AC  3     Str  5      XL: 4   Next: 68%
MP   4/12        EV 19     Int 16      God: Dithmenos [......]
Gold 175         SH  0     Dex 16      Spells:  3 memorised,  2 levels left

rFire  . . .     SeeInvis +     a - +1 dagger
rCold  . . .     Clarity  .     b - +1 robe
rNeg   . . .     rCorr    .     (shield restricted)
rPois  .         rRot     .     (helmet restricted)
rElec  .         Spirit   .     (no cloak)
SustAb .         Warding  .     (gloves unavailable)
rMut   .         Stasis   +     (boots unavailable)
Gourm  .                        p - amulet of stasis
MR     .....                    (no ring)
                                (no ring)

@: very quick, not resistant to hostile enchantments, stealthy
A: unfitting armour, see invisible, herbivore 3, speed 3, slow metabolism 2
a: Renounce Religion


You were on level 3 of the Dungeon.
You worshipped Dithmenos.
Dithmenos was noncommittal.
You were not hungry.

You visited 1 branch of the dungeon, and saw 3 of its levels.

You collected 175 gold pieces.

Inventory:

Hand weapons
 a - a +1 dagger (weapon)
Armour
 b - a +1 robe (worn)
Comestibles
 g - 2 bread rations
Scrolls
 e - a scroll of magic mapping {unknown}
 f - a scroll of remove curse {unknown}
 i - a scroll of fog {unknown}
 j - 2 scrolls of identify {unknown}
 l - 2 scrolls of enchant armour {unknown}
 m - a scroll of recharging {unknown}
 n - 2 scrolls of teleportation {unknown}
 q - a scroll of blinking {unknown}
Jewellery
 p - an amulet of stasis (around neck)
Potions
 d - a potion of porridge
 h - 2 potions of brilliance {unknown}
 k - a potion of agility {unknown}
 o - 2 potions of poison {unknown}
Books
 c - a book of Maledictions

   Spells                             Type                      Level
   *Corona                            Hexes                        1
   *Sure Blade                        Hexes/Charms                 2
   Ensorcelled Hibernation            Hexes/Ice                    2
   *Confuse                           Hexes                        3
   Dazzling Spray                     Conjuration/Hexes            3
   Enslavement                        Hexes                        4


   Skills:
 + Level 0.4 Fighting
 + Level 2.2 Short Blades
 + Level 4.1 Dodging
 + Level 6.4 Stealth
 + Level 2.9 Spellcasting
 + Level 4.0 Hexes


You had 2 spell levels left.
You knew the following spells:

 Your Spells              Type           Power        Failure   Level  Hunger
a - Corona                Hex            ###....      4%          1    #......
b - Confuse               Hex            ###.....     12%         3    ###....
c - Sure Blade            Hex/Chrm       #.........   14%         2    ##.....


Dungeon Overview and Level Annotations

Branches:
Dungeon (3/15)

Altars:
Dithmenos
Okawaru
The Shining One

Annotations:
D:3 CrazyArbalest's ghost, weakling SpEn


Innate Abilities, Weirdness & Mutations

You are tiny and cannot use many weapons and most armour.
You have supernaturally acute eyesight.
You are a herbivore.
You cover ground extremely quickly.
You need consume almost no food.


Message History

You kill the orc!
Dithmenos accepts your kill.
Casting: Confuse
Confirm with . or Enter, or press ? or * to list all spells.
Aiming: Confuse
Press: ? - help, Shift-Dir - straight line, f/p - worm
Aim: a worm The worm appears confused.
Items here: %% )) a club; a trident; an orc corpse; an orc corpse You hit the worm.
The worm is lightly wounded.
You barely miss the worm.
The worm is lightly wounded.
You hit the worm.
The worm is moderately wounded.
You hit the worm.
The worm is moderately wounded.
The worm bites you!
You die...

########.#######.#######
# #.#..>...........#
########.#.#####.######.
.<.......#.# #.#
###.###..#.# #.#
#.##...#.# #.#
###.##.#.#.# #.#
......>..#.# #)#
.....#.#.#.#####@######.#
##...(.........%w).......
#...#.#...#####..#.###.#
##)##.#.### #..# #
###.##.#.# #..#
....##.#.# ...#
.......#.. ##.#
#.#######. .# #.# . .#


You could see a worm (confused).

Vanquished Creatures
  An orc priest (D:3)
  3 adders
  A worm (D:2)
  A giant gecko (D:3)
  2 oozes
  3 orcs (D:3)
  5 giant cockroaches
  7 hobgoblins
  A ball python (D:2)
  3 bats (D:1)
  A giant newt (D:1)
  6 goblins
  6 kobolds
  7 rats
  A plant (D:1)
48 creatures vanquished.

Notes
Turn   | Place    | Note
--------------------------------------------------------------
     0 | D:1      | CrazyArbalest, the Spriggan Enchanter, began the quest for the Orb.
     0 | D:1      | Reached XP level 1. HP: 9/9 MP: 4/4
   268 | D:1      | Reached skill level 5 in Stealth
   305 | D:1      | Reached XP level 2. HP: 11/13 MP: 7/7
   920 | D:2      | Reached XP level 3. HP: 11/16 MP: 9/9
  1281 | D:2      | Reached skill level 6 in Stealth
  1578 | D:3      | Noticed CrazyArbalest's ghost (weakling SpEn)
  1992 | D:3      | Found a shadowy altar of Dithmenos.
  2008 | D:3      | Found an iron altar of Okawaru.
  2069 | D:3      | Found a glowing golden altar of the Shining One.
  2073 | D:3      | Became a worshipper of Dithmenos the Shadowed
  2089 | D:3      | Reached XP level 4. HP: 15/21 MP: 12/12
  2287 | D:3      | Learned a level 3 spell: Confuse
  2290 | D:3      | Learned a level 2 spell: Sure Blade
  2368 | D:3      | Slain by a worm

Action                   |  1- 3 |  4- 6 || total
-------------------------+-------+-------++-------
Melee: Dagger            |   299 |    33 ||   332
 Cast: Confuse           |       |     4 ||     4
 Stab: Sleeping          |    10 |     1 ||    11
       Confused          |       |     2 ||     2
